AoeStats
← Kim Yung Lam Ber M'un

Arabia

510315866Analyzed
1v1 RM · 3d ago on Sep 30, 2026· 31m 9s· 2 players
Game mode
Random Map
Map size
Tiny (2 player)
Population
200
Speed
Normal
Resources
Standard
Victory
Conquest
Starting age
Dark Age
Ending age
Imperial Age
RankedLock teamsTeams togetherTeam positionsShared explorationLock speedFull tech treeHidden civsTurbo modeCheats
Victory
Defeat
🇳🇱 Muisca · Netherlands
1519
+16
🇦🇷 Wei · Argentina
1516
-16
TW_HIHAO
8:58 Feudal Age
7:31 Loom
9:32 Double-Bit Axe
13:28 Horse Collar
17:21 Fletching
21:25 Castle Age
20:14 Padded Archer Armor
22:55 Husbandry
23:18 Bow Saw
25:11 Bodkin Arrow
27:22 Leather Archer Armor
27:06 Town Watch
Kim Yung Lam Ber M'un
6:11 Loom
8:48 Feudal Age
8:59 Champi Runner
9:49 Double-Bit Axe
11:59 Scale Mail Armor
13:21 Fletching
14:30 Horse Collar
19:09 Wheelbarrow
21:38 Castle Age
21:17 Forging
21:12 Gold Mining
22:33 Squires
22:17 Champi Warrior
23:17 Padded Archer Armor
23:47 Bodkin Arrow
24:09 Crossbowman
25:49 Chain Mail Armor
Connection lost

Rejoining the realm…

Still unreachable

The connection could not be restored.

Session expired

The server has moved on; the page needs a fresh start.